 Dungeon Sprint DCSS version bcrawl-1.12-11-gb93c957c58 (webtiles) character file.

Game seed: 1604595796939165735

3200000 Groucho the Spriggan Catapult (level 20, -34/137 HPs)
             Began as a Spriggan Hunter on June 23, 2019.
             Was a High Priest of Makhleb.
             Annihilated by a bag of meat
             ... wielding a +9 war axe
              (37 damage)
             ... in the Dungeon (Sprint VIII: "Arena of Blood").
             The game lasted 00:01:26 (32 turns).

Groucho the Spriggan Catapult (Spriggan Hunter)       Turns: 32, Time: 00:01:27

Health: -34/137    AC:  3    Str:  8    XL:     20   Next: 49%
Magic:  21/46      EV: 43    Int: 14    God:    Makhleb [*****.]
Gold:   0          SH:  0    Dex: 24    Spells: 62/62 levels left

rFire    . . .     SeeInvis +   l - +∞ Axe of Woe
rCold    . . .     Gourm    .   (shield currently unavailable)
rNeg     . . .     Faith    .   c - +0 robe
rPois    .         Spirit   .   (helmet restricted)
rElec    .         Reflect  .   (no cloak)
rCorr    .         Harm     .   (gloves unavailable)
MR       +++..     NoTele   +   (boots unavailable)
Stlth    +++++++++.             (no amulet)
HPRegen  0.32/turn              (no ring)
MPRegen  0.30/turn              (no ring)

@: very quick
A: very small, unfitting armour, see invisible, herbivore, speed 3, slow
metabolism 2
a: Minor Destruction, Lesser Servant of Makhleb, Major Destruction, Greater
Servant of Makhleb, Renounce Religion


You were in the Dungeon.
You worshipped Makhleb.
Makhleb was extremely pleased with you.
You were not hungry.

You visited 1 branch

Inventory:

Hand Weapons
 a - a +1 hunting sling
 b - a +0 short sword
 l - the +∞ Axe of Woe (weapon)
   (You found it in the Dungeon)
Missiles
 d - 240 sling bullets
Armour
 c - a +0 robe (worn)
Scrolls
 k - a scroll of blinking
Potions
 e - a potion of curing
 g - a potion of heal wounds
 h - a potion of haste
 i - 2 potions of magic
 j - a potion of berserk rage
Comestibles
 f - a ration {!d}


   Skills:
 O Level 27 Fighting
 + Level 21.8 Short Blades
 O Level 27 Axes
 O Level 27 Slings
 + Level 19.0(23.4) Throwing
 + Level 15.2 Armour
 O Level 27 Dodging
 + Level 26.8 Stealth
 + Level 16.3 Unarmed Combat
 + Level 21.8 Spellcasting
 + Level 18.9 Invocations


You had 62 spell levels left.
You didn't know any spells.
Your spell library was empty.

Dungeon Overview and Level Annotations

Branches:
Dungeon (1/1)

Altars:
Makhleb


Innate Abilities, Weirdness & Mutations

You are very small and have problems with some larger weapons.
You are too small for most types of armour.
You have supernaturally acute eyesight. (SInv)
You are a herbivore.
You cover ground extremely quickly.
You need to consume almost no food.


Message History

The bag of meat is engulfed in blazing flames.
The bag of meat hits you with a +9 war axe!!
You hear two shouts!
You are too injured to fight recklessly!
You are engulfed in blazing flames.
You hear a shout!
The meat berserker hits you with a +9 battleaxe!!!
* * * LOW HITPOINT WARNING * * *
The meat berserker completely misses you.
You hear a shout!
A meat berserker comes into view. It is wielding a +9 battleaxe.
A corpse begins to drag itself along the ground!
Some corpses meld into agglomerations of writhing flesh!
The bag of meat hits you with a +9 war axe!!
* * * LOW HITPOINT WARNING * * *
A large bag of meat comes into view. It is wielding a +9 giant spiked club.
You hear a shout! x2
The bag of meat is engulfed in blazing flames. x2
The bag of meat hits you with a +9 war axe!!!
You die...

.. ..... #.
...# #.. ...# .
.###.. ...###..
......###......
....o._.....
#§o§o.# #oo@O_#
#XV)O.#
...x.X_O..o.
......###oO....
z###.. .o.###..
#.O ..o# . #.
...# O. .....


You could see a destroyer, a sculptor of flesh, 3 large bags of meat, 2 large
abominations, 3 meat berserkers, 9 bags of meat and a crawling corpse.

Vanquished Creatures
  6 ogres (D)
  A two-headed ogre (D)
  14 orcs (D)
21 creatures vanquished.

Notes
Turn   | Place    | Note
-------+----------+-------------------------------------------
     0 | D        | Found the +∞ Axe of Woe
     0 | D        | Groucho the Spriggan Hunter began the quest for the Orb.
     0 | D        | Reached XP level 1. HP: 10/10 MP: 2/2
     0 | D        | Noticed a meat berserker
     2 | D        | Noticed a bag of meat
     4 | D        | Became a worshipper of Makhleb the Destroyer
     4 | D        | Noticed a bag of meat
     4 | D        | Noticed a bag of meat
     5 | D        | Noticed a bag of meat
     5 | D        | Noticed a bag of meat
     6 | D        | Noticed a bag of meat
     6 | D        | Noticed a bag of meat
     6 | D        | Noticed a bag of meat
     7 | D        | Killed a meat berserker
     7 | D        | Reached skill level 27 in Slings
     7 | D        | Reached XP level 2. HP: 27/27 MP: 3/3
     7 | D        | Reached XP level 3. HP: 31/31 MP: 4/4
     7 | D        | Reached XP level 4. HP: 36/36 MP: 5/5
     7 | D        | Reached XP level 5. HP: 40/40 MP: 6/6
     7 | D        | Reached XP level 6. HP: 45/45 MP: 7/7
     7 | D        | Reached XP level 7. HP: 49/49 MP: 8/8
     7 | D        | Reached XP level 8. HP: 54/54 MP: 9/9
     7 | D        | Reached XP level 9. HP: 58/58 MP: 10/10
     7 | D        | Reached XP level 10. HP: 63/63 MP: 11/11
     7 | D        | Reached XP level 11. HP: 67/67 MP: 12/12
     7 | D        | Reached XP level 12. HP: 72/72 MP: 13/13
     7 | D        | Reached XP level 13. HP: 76/76 MP: 14/14
     7 | D        | Noticed a bag of meat
     7 | D        | Noticed a bag of meat
     7 | D        | Noticed a bag of meat
     8 | D        | Noticed a bag of meat
     9 | D        | Killed a bag of meat
     9 | D        | Reached * piety under Makhleb
     9 | D        | Killed a bag of meat
     9 | D        | Reached skill level 15 in Axes
     9 | D        | Reached XP level 14. HP: 81/81 MP: 15/15
     9 | D        | Noticed a bag of meat
    10 | D        | Killed a bag of meat
    10 | D        | Reached skill level 27 in Dodging
    10 | D        | Killed a bag of meat
    10 | D        | Reached ** piety under Makhleb
    10 | D        | Reached XP level 15. HP: 85/85 MP: 16/16
    10 | D        | Noticed a meat berserker
    12 | D        | Reached *** piety under Makhleb
    12 | D        | Reached XP level 16. HP: 90/90 MP: 17/17
    12 | D        | Reached skill level 27 in Axes
    14 | D        | Reached **** piety under Makhleb
    14 | D        | Reached XP level 17. HP: 112/112 MP: 18/18
    16 | D        | Noticed a meat berserker
    17 | D        | Noticed a meat berserker
    17 | D        | Killed a meat berserker
    17 | D        | Reached skill level 27 in Fighting
    17 | D        | Reached skill level 10 in Stealth
    17 | D        | Reached skill level 5 in Unarmed Combat
    17 | D        | Reached XP level 18. HP: 117/127 MP: 18/30
    20 | D        | Noticed a meat berserker
    21 | D        | Killed a meat berserker
    21 | D        | Reached skill level 10 in Throwing
    21 | D        | Reached skill level 15 in Stealth
    21 | D        | Reached skill level 10 in Invocations
    21 | D        | Noticed a meat berserker
    23 | D        | Killed a meat berserker
    23 | D        | Reached ***** piety under Makhleb
    23 | D        | Reached skill level 10 in Armour
    23 | D        | Reached XP level 19. HP: 128/132 MP: 19/38
    25 | D        | Noticed a large bag of meat
    25 | D        | Killed a meat berserker
    25 | D        | Noticed a meat berserker
    26 | D        | Noticed a meat berserker
    26 | D        | Noticed a large bag of meat
    27 | D        | Killed a meat berserker
    28 | D        | Noticed a large bag of meat
    29 | D        | Reached skill level 15 in Unarmed Combat
    29 | D        | Reached XP level 20. HP: 137/137 MP: 20/45
    30 | D        | Killed a large bag of meat
    30 | D        | Reached skill level 15 in Armour
    30 | D        | Noticed a destroyer
    32 | D        | Noticed a meat berserker
    32 | D        | HP: 3/137 [bag of meat/+9 war axe (19)]
    32 | D        | Noticed a large bag of meat
    32 | D        | Annihilated by a bag of meat

Skill      XL: |  1  2  3  4  5  6  7  8  9 10 11 12 13 14 15 16 17 18 19 20 |
---------------+-------------------------------------------------------------+-----
Fighting       | 12 22 27 | 27.0
Axes           | 8 15 21 26 27 | 27.0
Slings         | 27 | 27.0
Dodging        | 19 26 27 | 27.0
Short Blades   | 7 14 20 21 | 21.8
Throwing       | 6 12 17 19 | 19.0
Armour         | 4 10 14 15 | 15.2
Stealth        | 10 18 25 26 | 26.8
Unarmed Combat | 5 11 15 16 | 16.3
Spellcasting   | 7 14 20 21 | 21.8
Invocations    | 6 12 17 18 | 18.9

Action                   |  1- 3 |  4- 6 |  7- 9 | 10-12 | 13-15 | 16-18 | 19-21 || total
-------------------------+-------+-------+-------+-------+-------+-------+-------++-------
Melee: Broad axe         |     1 |       |       |       |     4 |     6 |     4 ||    15
Dodge: Dodged            |       |       |       |       |       |       |     4 ||     4
